 Dungeon Crawl Stone Soup version 0.28.0-47-ge53b351184 (webtiles) character file.

Game seed: 9561373578999541733

679 101zpm the Gusty (level 7, -8/51 HPs)
             Began as a Gnoll Air Elementalist on Apr 25, 2022.
             Mangled by a wight
             ... wielding a +2 great sword of distortion
              (9 damage)
             ... on level 3 of the Dungeon.
             The game lasted 00:11:03 (4194 turns).

101zpm the Gusty (Gnoll Air Elementalist)           Turns: 4194, Time: 00:11:05

Health: -8/51      AC:  2    Str:  8    XL:     7   Next: 60%
Magic:  5/15       EV: 13    Int: 16    God:
Gold:   118        SH:  0    Dex: 12    Spells: 7/17 levels left

rFire   . . .      SeeInvis .   l - +3 war axe
rCold   . . .      Faith    .   (no shield)
rNeg    . . .      Spirit   .   a - +0 robe
rPois   .          Reflect  .   (no helmet)
rElec   .          Harm     .   (no cloak)
rCorr   .          Rampage  .   (no gloves)
Will    .....                   (no boots)
Stlth   +++.......              (no amulet)
HPRegen 0.17/turn               (no ring)
MPRegen 0.14/turn               (no ring)

@: very slightly contaminated
A: fangs 1, strong nose, distributed training
a: no special abilities


You were on level 3 of the Dungeon.
You visited 1 branch of the dungeon, and saw 4 of its levels.

You collected 118 gold pieces.

Inventory:

Hand Weapons
 l - a +3 war axe (weapon)
Armour
 a - a +0 robe (worn)
Wands
 o - a wand of polymorph (5)
Scrolls
 c - 2 scrolls of teleportation {unknown}
 d - a scroll of enchant armour {unknown}
 e - 3 scrolls of identify {unknown}
 m - a scroll of blinking {unknown}
 n - a scroll of fear {unknown}
Potions
 b - a potion of flight {unknown}
 f - a potion of heal wounds {unknown}
 g - a potion of might {unknown}
 h - a potion of ambrosia {unknown}
 i - a potion of haste {unknown}
 j - a potion of brilliance {unknown}
 k - 2 potions of degeneration {unknown}


   Skills:
 + Level 2.6 Fighting
 + Level 2.6 Short Blades
 + Level 2.6 Long Blades
 + Level 2.6 Axes
 + Level 2.6 Maces & Flails
 + Level 2.6 Polearms
 + Level 2.6 Staves
 + Level 2.6 Slings
 + Level 2.6 Bows
 + Level 2.6 Crossbows
 + Level 2.6 Throwing
 + Level 2.6 Armour
 + Level 5.3 Dodging
 + Level 5.0 Stealth
 + Level 2.6 Shields
 + Level 2.6 Unarmed Combat
 + Level 5.6 Spellcasting
 + Level 3.0 Conjurations
 + Level 2.1 Hexes
 + Level 2.1 Summonings
 + Level 2.1 Necromancy
 + Level 2.1 Translocations
 + Level 2.1 Transmutations
 + Level 2.1 Fire Magic
 + Level 2.1 Ice Magic
 + Level 5.9 Air Magic
 + Level 2.1 Earth Magic
 + Level 2.1 Poison Magic
 + Level 2.9 Invocations
 + Level 2.6 Evocations


You had 7 spell levels left.
You knew the following spells:

 Your Spells              Type           Power      Damage    Failure   Level
a - Shock                 Conj/Air       72%        1d7       2%          1
b - Static Discharge      Conj/Air       18%        N/A       3%          2
c - Swiftness             Air            23%        N/A       3%          3
d - Airstrike             Air            11%        N/A       13%         4

Your spell library contained the following spells:

 Spells                   Type           Power      Damage    Failure   Level


Dungeon Overview and Level Annotations

Branches:
Dungeon (4/15)
 Temple: D:4-7

Altars:
Hepliaklqana
Ru

Annotations:
D:3 2 transporters
D:4 Edmund, Grinder


Innate Abilities, Weirdness & Mutations

You have very sharp teeth.
Your uncanny sense of smell can sniff out nearby items.
Your experience applies equally to all skills.


Message History

The zap hits the wight.
The wight is moderately damaged.
The wight hits you with a +2 great sword of distortion.
Space warps around you.
Aiming: Shock (safe; 2% risk of failure)
Press: ? - help, Q - select action, (/) - cycle Shift-Dir - straight line, f/p - wight
Aim: a wight, wielding a +2 great sword of distortion and wearing a +0 robe (heavily damaged, 71% to hit)
The zap misses the wight.
The zap hits the wight.
The wight is moderately damaged.
The wight completely misses you.
Aiming: Shock (safe; 2% risk of failure)
Press: ? - help, Q - select action, (/) - cycle Shift-Dir - straight line, f/p - wight
Aim: a wight, wielding a +2 great sword of distortion and wearing a +0 robe (heavily damaged, 71% to hit)
The zap hits the wight.
The wight is severely damaged.
The zap misses the wight.
The wight misses you.
Aiming: Shock (safe; 2% risk of failure)
Press: ? - help, Q - select action, (/) - cycle Shift-Dir - straight line, f/p - wight
Aim: a wight, wielding a +2 great sword of distortion and wearing a +0 robe (severely damaged, 71% to hit)
The zap hits the wight but does no damage.
The wight is severely damaged.
The zap hits the wight but does no damage.
The wight is moderately damaged.
The zap hits the wight but does no damage.
The wight hits you with a +2 great sword of distortion!
Space warps horribly around you!!
* * * LOW HITPOINT WARNING * * *
Aiming: Shock (safe; 2% risk of failure)
Press: ? - help, Q - select action, (/) - cycle Shift-Dir - straight line, f/p - wight
Aim: a wight, wielding a +2 great sword of distortion and wearing a +0 robe (severely damaged, 71% to hit)
The zap hits the wight.
The wight is almost destroyed.
The zap hits the wight but does no damage.
The wight is moderately damaged.
The zap hits the wight but does no damage.
The zap hits the wight.
The wight is heavily damaged.
The wight hits you with a +2 great sword of distortion!
You die...

.....#.#.# ...
#..#..$#..#.##########.#
..#........©#.....z......#
#.#..#...#..#.# ....z.....
#.#.#..©..#.#.# #..#
#.#......hY.#.# #..#
#.##8...Bc8##.# #..#
#..#########..# #..[
#.....©.@zzz## ##.#
#####...##### ####.# ##.##
#....# #.# #.#### #.# #.#
#.# #.# #######.# #.#
........# .# #.# #######.#
.# #.#


You could see an ice beast, a centaur, a howler monkey, 3 wights and a giant
cockroach.

Vanquished Creatures
  Sigmund (D:2)
  A black bear (D:4)
  A phantom (D:4)
  Blork the orc (D:4)
  A scorpion (D:4)
  A wight (D:3)
  A howler monkey (D:4)
  A centaur zombie (D:4)
  Terence (D:2)
  An orc wizard (D:4)
  An adder (D:2)
  A shadow imp (D:4)
  A worm (D:2)
  A dart slug (D:4)
  4 orcs (D:4)
  5 bats
  An endoplasm (D:4)
  4 giant cockroaches
  8 goblins
  10 hobgoblins
  3 jackals (D:4)
  2 quokkas (D:2)
  10 ball pythons
  2 frilled lizards (D:3)
  2 kobolds
  A rat (D:2)
66 creatures vanquished.

Notes
Turn   | Place    | Note
-------+----------+-------------------------------------------
     0 | D:1      | 101zpm the Gnoll Air Elementalist began the quest for the
                  | Orb.
     0 | D:1      | Reached XP level 1. HP: 13/13 MP: 6/6
    43 | D:1      | Found a faded altar of an unknown god.
   705 | D:1      | Reached XP level 2. HP: 19/19 MP: 3/7
  1337 | D:3      | Noticed a wight
  1337 | D:3      | Noticed a wight
  1337 | D:3      | Noticed a wight
  1337 | D:3      | Noticed a wight
  1337 | D:3      | Noticed a wight
  1442 | D:2      | Reached skill level 5 in Spellcasting
  1442 | D:2      | Reached XP level 3. HP: 19/25 MP: 3/9
  1759 | D:2      | Noticed Terence
  1770 | D:2      | Killed Terence
  1771 | D:2      | Reached skill level 1 in Fighting
  1771 | D:2      | Reached skill level 1 in Short Blades
  1771 | D:2      | Reached skill level 1 in Long Blades
  1771 | D:2      | Reached skill level 1 in Axes
  1771 | D:2      | Reached skill level 1 in Maces & Flails
  1771 | D:2      | Reached skill level 1 in Polearms
  1771 | D:2      | Reached skill level 1 in Staves
  1771 | D:2      | Reached skill level 1 in Slings
  1771 | D:2      | Reached skill level 1 in Bows
  1771 | D:2      | Reached skill level 1 in Crossbows
  1771 | D:2      | Reached skill level 1 in Throwing
  1771 | D:2      | Reached skill level 1 in Armour
  1771 | D:2      | Reached skill level 1 in Shields
  1771 | D:2      | Reached skill level 1 in Unarmed Combat
  1771 | D:2      | Reached skill level 1 in Invocations
  1771 | D:2      | Reached skill level 1 in Evocations
  1771 | D:2      | Reached XP level 4. HP: 16/32 MP: 2/11
  2027 | D:2      | Noticed Sigmund
  2059 | D:2      | Killed Sigmund
  2060 | D:2      | Reached skill level 1 in Hexes
  2060 | D:2      | Reached skill level 1 in Summonings
  2060 | D:2      | Reached skill level 1 in Necromancy
  2060 | D:2      | Reached skill level 1 in Translocations
  2060 | D:2      | Reached skill level 1 in Transmutations
  2060 | D:2      | Reached skill level 1 in Fire Magic
  2060 | D:2      | Reached skill level 1 in Ice Magic
  2060 | D:2      | Reached skill level 1 in Earth Magic
  2060 | D:2      | Reached skill level 1 in Poison Magic
  2060 | D:2      | Reached XP level 5. HP: 30/38 MP: 5/12
  2283 | D:2      | Reached XP level 6. HP: 44/44 MP: 10/13
  2512 | D:4      | Noticed Edmund
  2984 | D:4      | Reached skill level 5 in Dodging
  3223 | D:4      | Reached XP level 7. HP: 50/50 MP: 8/15
  3278 | D:4      | Learned a level 2 spell: Static Discharge
  3282 | D:4      | Learned a level 3 spell: Swiftness
  3287 | D:4      | Learned a level 4 spell: Airstrike
  3592 | D:4      | Noticed Blork the orc
  3599 | D:4      | Killed Blork the orc
  3600 | D:4      | Reached skill level 5 in Stealth
  3703 | D:4      | Found a sacrificial altar of Ru.
  3880 | D:4      | Noticed Grinder
  3880 | D:4      | Paralysed by Grinder for 3 turns
  4162 | D:3      | Found a transporter.
  4168 | D:3      | Found a transporter.
  4176 | D:3      | Found a hazy altar of Hepliaklqana.
  4193 | D:3      | HP: 1/51 [wight/+2 great sword of distortion (23)]
  4194 | D:3      | Mangled by a wight

Illustrated notes

Levels and vault maps discovered:
D:1:      dpeg_arrival_rhombi, layout_loops_ring,
          nicolae_ecumenical_lake_church, minmay_misc_feat_cross
D:2:      layout_basic, uniq_sigmund, uniq_terence
D:3:      layout_loops_ring, gammafunk_temple_overflow_arena,
          mainiacjoe_overflow_cross_hatched, kennysheep_generic_room_11
D:4:      layout_rooms, mainiacjoe_overflow_small_starburst,
          hangedman_decor_points, uniq_blork_the_orc, uniq_edmund, uniq_grinder

Skill      XL: |  1  2  3  4  5  6  7 |
---------------+----------------------+-----
Conjurations   | 2 3 |  3.0
Spellcasting   | 5 |  5.6
Fighting       | 1 2 |  2.6
Short Blades   | 1 2 |  2.6
Long Blades    | 1 2 |  2.6
Axes           | 1 2 |  2.6
Maces & Flails | 1 2 |  2.6
Polearms       | 1 2 |  2.6
Staves         | 1 2 |  2.6
Slings         | 1 2 |  2.6
Bows           | 1 2 |  2.6
Crossbows      | 1 2 |  2.6
Throwing       | 1 2 |  2.6
Armour         | 1 2 |  2.6
Shields        | 1 2 |  2.6
Unarmed Combat | 1 2 |  2.6
Invocations    | 1 2 |  2.9
Evocations     | 1 2 |  2.6
Hexes          | 1 2 |  2.1
Summonings     | 1 2 |  2.1
Necromancy     | 1 2 |  2.1
Translocations | 1 2 |  2.1
Transmutations | 1 2 |  2.1
Fire Magic     | 1 2 |  2.1
Ice Magic      | 1 2 |  2.1
Earth Magic    | 1 2 |  2.1
Poison Magic   | 1 2 |  2.1
Dodging        | 5 |  5.3
Stealth        | 5 |  5.0
Air Magic      | |  5.9

Action                   |  1- 3 |  4- 6 |  7- 9 || total
-------------------------+-------+-------+-------++-------
Melee: War axe           |       |     4 |     1 ||     5
 Cast: Shock             |    56 |    90 |    36 ||   182
       Airstrike         |       |       |     5 ||     5
Armor: Robe              |       |    10 |     1 ||    11
Dodge: Dodged            |     6 |    23 |    14 ||    43
